Unix NetHack Version 5.0.0-0 post-release - last build Jun 10 2026 00:39:30 (3ee93aec679c4c4259841fe613dc97188e26a321,branch:main).

Game began 2026-07-01 21:11:48, ended 2026-07-01 21:18:54.

Eymerich, chaotic male elven Priest

                                                                   ...*.
                                                                  .......
                                                                 .........
                                                                ...........
                                                                ...........
                                                                ).f........
                                                                ...h....| |
                                                                ...@..---
                                                                .......
                                                                 .|.--.
                                                                   -

Eymerich the Acolyte         St:10 Dx:11 Co:16 In:11 Wi:18 Ch:9  Chaotic
Dlvl:3  $:9  HP:0(23) Pw:35(35) AC:7  Xp:3 T:779  Burdened

Latest messages:
 Your movements are slowed slightly because of your load.
 What do you want to ready? [$jpqv or ?*]
 v - 3 cursed daggers (at the ready).
 In what direction?
 The dagger misses the dwarf.
 In what direction?
 The dagger misses the dwarf.
 In what direction?
 The dagger hits the dwarf.
 You hit the dwarf!
 You miss the dwarf.
 The dwarf swings his broad pick.
 The dwarf hits!
 The dwarf swings his broad pick.
 The dwarf misses!
 You are bare handed.
 a - a blessed +1 mace (alternate weapon; not wielded).
 The dwarf throws a dagger!
 You are hit by a dagger.
 What do you want to wield? [- ajpquy or ?*]
 y - a crossbow (weapon in right hand).
 The dwarf throws a dagger!
 You are hit by a dagger.
 What do you want to ready? [$ajpqu or ?*]
 u - 13 crossbow bolts (in quiver pouch).
 In what direction?
 The crossbow bolt misses the dwarf.
 In what direction?
 The crossbow bolt misses the dwarf.
 In what direction?
 The crossbow bolt misses the dwarf.
 In what direction?
 The crossbow bolt misses the dwarf.
 In what direction?
 The crossbow bolt misses the dwarf.
 In what direction?
 The crossbow bolt hits the dwarf.
 The dwarf throws a dagger!
 The dagger hits Puffa.
 Puffa misses the dwarf.
 Puffa misses the dwarf.
 The dwarf picks up 2 cursed daggers.
 Puffa misses the dwarf.
 Puffa misses the dwarf.
 Puffa misses the dwarf.
 Puffa misses the dwarf.
 The dwarf swings his broad pick.
 The dwarf hits!
 You die...
 Do you want your possessions identified? [ynq] (y)

Inventory:
 Coins    ('$')
  $ - 9 gold pieces
 Weapons  (')')
  u - 7 +0 crossbow bolts (in quiver pouch)
  y - a +0 crossbow (weapon in right hand)
  p - 2 +0 darts
  q - a blessed +0 spear
  a - a blessed +1 mace (alternate weapon; not wielded)
  j - a +0 mace
 Armor    ('[')
  l - a +0 orcish helm (being worn)
  b - a +0 robe
  t - a +0 leather armor (being worn)
 Comestibles  ('%')
  e - a clove of garlic
  f - a sprig of wolfsbane
 Spellbooks  ('+')
  h - a spellbook of detect food
  g - a spellbook of light
 Potions  ('!')
  d - 4 potions of holy water
 Tools    ('(')
  i - a bugle
  n - a beartrap
 Gems/Stones  ('*')
  w - a jade stone
  x - a worthless piece of orange glass

Eymerich the Priest's attributes:

Background:
 You were an Acolyte, a level 3 elven Priest.
 You were chaotic, on a mission for Kos
 who was opposed by Issek (lawful) and Mog (neutral).
 You were right-handed.
 You were in the Gnomish Mines, on level 3.
 You entered the dungeon 779 turns ago.
 There was a full moon in effect when your adventure ended.
 You had 49 experience points, 31 more were needed to attain level 4.

Basics:
 You had 0 out of 23 hit points.
 You had all 35 energy points (spell power).
 Your armor class was 7.
 Your wallet contained 9 zorkmids.
 Autopickup was off.

Final Characteristics:
 Your strength was 10 (limit:18).
 Your dexterity was 11 (limit:18).
 Your constitution was 16 (limit:16).
 Your intelligence was 11 (limit:20).
 Your wisdom was 18 (limit:20).
 Your charisma was 9 (limit:18).

Final Status:
 You weren't hungry.
 You were burdened; movement was slightly slowed.
 You were wielding a crossbow.
 You were unskilled in crossbow.

Final Attributes:
 You were fervently aligned.
 You had infravision.
 You were warded.
 You were lucky.
 You are dead.

Miscellaneous:
 You didn't encounter any bones levels.
 Total elapsed playing time was 7 minutes and 2 seconds.

Major events:
 Turn
    1: Eymerich the chaotic elven Priest entered the dungeon
  532: entered the Gnomish Mines
  688: attained the rank of Acolyte (level 3)
  779: killed by a dwarf

Spells:
 Name                 Level Category     Fail Retention
 light                  1   clerical       4%  91%-100%
 detect food            2   divination    75%  76%-100%

Skills:
 Fighting Skills
   bare handed combat [Unskilled]
 Weapon Skills
   club               [Unskilled]
   mace               [Basic]
   morning star       [Unskilled]
   flail              [Unskilled]
   hammer             [Unskilled]
   quarterstaff       [Unskilled]
   polearms           [Unskilled]
   spear              [Unskilled]
   trident            [Unskilled]
   lance              [Unskilled]
   bow                [Unskilled]
   sling              [Unskilled]
   crossbow           [Unskilled]
   dart               [Unskilled]
   shuriken           [Unskilled]
   boomerang          [Unskilled]
   unicorn horn       [Unskilled]
 Spellcasting Skills
   healing spells     [Unskilled]
   divination spells  [Unskilled]
   clerical spells    [Basic]

Voluntary challenges:
 Character rerolling was not enabled.
 You were an atheist.
 You were illiterate.
 You never genocided any monsters.
 You never polymorphed an object.
 You never changed form.
 You used no wishes.
Achievements:
 You entered the Gnomish Mines.
 You attained the rank of Acolyte.

 The Dungeons of Doom: levels 1 to 2
    Level 1:
    Level 2:
       A fountain.
       Stairs down to The Gnomish Mines.
 The Gnomish Mines:
    Level 3: <- You were here.
       Final resting place for
          you, killed by a dwarf.


Vanquished creatures:
  a gnome leader
  4 gnomes
  2 jackals
  a fox
  a kobold
  a goblin
  a sewer rat
  2 lichens
  2 newts
15 creatures vanquished.

No species were genocided or became extinct.

Game over:
                       ----------
                      /          \
                     /    REST    \
                    /      IN      \
                   /     PEACE      \
                  /                  \
                  |     Eymerich     |
                  |       9 Au       |
                  |   killed by a    |
                  |      dwarf       |
                  |                  |
                  |                  |
                  |       2026       |
                 *|     *  *  *      | *
        _________)/\\_//(\/(/\)/\//\/|_)_______

Goodbye Eymerich the Priest...

You died in The Gnomish Mines on dungeon level 3 with 305 points,
and 9 pieces of gold, after 779 moves.
You were level 3 with a maximum of 23 hit points when you died.

